 Dungeon Crawl Stone Soup version 0.30-b1-2-g02819fbbbe (webtiles) character file.

Game seed: 8692838815462481280

6247 craig the Blocker (level 10, -2/83 HPs)
             Began as a Gnoll Fighter on May 25, 2023.
             Was a Priest of Qazlal.
             Slain by a yak (6 damage)
             ... on level 9 of the Dungeon.
             The game lasted 00:39:33 (4406 turns).

craig the Blocker (Gnoll Fighter)                   Turns: 4406, Time: 00:39:34

Health: -2/83      AC: 13    Str: 19    XL:     10   Next: 93%
Magic:  18/18      EV: 11    Int:  8    God:    Qazlal [***...]
Gold:   232        SH: 10    Dex: 12    Spells: 20/20 levels left

rFire   . . .        d - +5 hand axe (elec)
rCold   . . .        c - +0 buckler
rNeg    . . .        b - +1 scale mail
rPois   +            (no helmet)
rElec   .            (no cloak)
rCorr   .            (no gloves)
SInv    .            (no boots)
Will    .....        h - amulet of regeneration
Stlth   +            q - +4 ring of protection
HPRegen 1.13/turn    r - ring of poison resistance
MPRegen 0.16/turn

%: no passive effects
@: no status effects
A: fangs 1, strong nose, distributed training
a: Renounce Religion, Upheaval, Elemental Force


You were on level 9 of the Dungeon.
You worshipped Qazlal.
Qazlal was most pleased with you.
You visited 1 branch of the dungeon, and saw 9 of its levels.

You collected 262 gold pieces.
You spent 30 gold pieces at shops.

Inventory:

Hand Weapons
 a - a +0 long sword
 d - a +5 hand axe of electrocution (weapon)
 g - the +3 whip of Ignis's Favour {elec, Will++ Str-4 Int+3 Dex+3}
   (You found it on level 3 of the Dungeon)

   Str:       It affects your strength (-4).
   Int:       It affects your intelligence (+3).
   Dex:       It affects your dexterity (+3).
   Will:      It greatly increases your willpower.
 u - a +3 dagger of distortion
Armour
 b - a +1 scale mail (worn)
 c - a +0 buckler (worn)
Jewellery
 h - an amulet of regeneration (around neck)
 q - a +4 ring of protection (left hand)
 r - a ring of poison resistance (right hand)
 s - an amulet of magic regeneration
 x - a ring of resist corrosion
Wands
 t - a wand of polymorph (8)
 v - a wand of flame (16)
 y - a wand of digging (5)
Scrolls
 e - 2 scrolls of magic mapping
 f - 3 scrolls of fog
 m - 7 scrolls of teleportation
 o - a scroll of amnesia
Potions
 i - a potion of lignification {unknown}
 j - 2 potions of flight {unknown}
 k - 2 potions of magic
 l - 2 potions of haste {unknown}
 n - 3 potions of attraction {unknown}
 w - a potion of heal wounds {unknown}


   Skills:
 + Level 9.0 Fighting
 + Level 5.9 Short Blades
 + Level 7.6 Long Blades
 + Level 5.9 Axes
 + Level 5.9 Maces & Flails
 + Level 5.9 Polearms
 + Level 5.9 Staves
 + Level 5.9 Ranged Weapons
 + Level 5.9 Throwing
 + Level 9.0 Armour
 + Level 5.9 Dodging
 + Level 5.9 Stealth
 + Level 9.0 Shields
 + Level 5.9 Unarmed Combat
 + Level 5.9 Spellcasting
 + Level 4.9 Conjurations
 + Level 4.9 Hexes
 + Level 4.9 Summonings
 + Level 4.9 Necromancy
 + Level 4.9 Translocations
 + Level 4.9 Transmutations
 + Level 4.9 Fire Magic
 + Level 4.9 Ice Magic
 + Level 4.9 Air Magic
 + Level 4.9 Earth Magic
 + Level 4.9 Poison Magic
 + Level 6.5 Invocations
 + Level 5.9 Evocations


You had 20 spell levels left.
You didn't know any spells.
Your spell library contained the following spells:

 Spells                   Type           Power      Damage    Failure   Level
 Necrotise                Necr           40%        1d6       10%         1
 Gell's Gravitas          Tloc           10%        N/A       28%         3
 Teleport Other           Tloc           10%        N/A       28%         3
 Vampiric Draining        Necr           10%        2d6       28%         3
 Agony                    Necr           10%        N/A       95%         5
 Dispersal                Tloc           5%         N/A       100%        6


Dungeon Overview and Level Annotations

Branches:
Dungeon (9/15)
 Temple: D:4-7         Lair: D:8-11         Orc: D:9-12

Altars:
Ashenzari
Elyvilon
Kikubaaqudgha
Makhleb
Qazlal
Sif Muna

Shops:
D:2 !


Innate Abilities, Weirdness & Mutations

You have very sharp teeth.
Your uncanny sense of smell can sniff out nearby items.
Your experience applies equally to all skills.


Message History

A centaur comes into view. It is wielding a +0 whip.
The centaur unwields a +0 whip.
The centaur wields a +0 shortbow.
The centaur shoots an arrow.
The arrow barely misses you.
The arrow hits the yak.
The centaur shoots an arrow.
The arrow hits you.
* * * LOW HITPOINT WARNING * * *
The centaur shoots an arrow.
The arrow hits you but does no damage. The yak gores you.
* * * LOW HITPOINT WARNING * * *
Found a shimmering blue altar of Sif Muna.
The yak barely misses you. The yak gores you!
* * * LOW HITPOINT WARNING * * *
The yak completely misses you. The yak gores you but does no damage.
You hit the yak.
The yak is moderately wounded.
You slash the yak! You hit the yak. You hit the yak but do no damage.
Lightning courses through the yak!
You kill the yak!
Qazlal accepts your kill.
The centaur shoots an arrow.
You block the arrow. The yak gores you.
* * * LOW HITPOINT WARNING * * *
The yak barely misses you. You block the yak's attack.
Your Fighting skill increases to level 9!
Your Armour skill increases to level 9!
Your Shields skill increases to level 9!
You hit the yak but do no damage.
The yak is severely wounded.
You hit the yak. You barely miss the yak.
The centaur shoots an arrow.
You block the arrow. The yak misses you. You block the yak's attack.
The yak gores you!
* * * LOW HITPOINT WARNING * * *
You slash the yak! Lightning courses through the yak!!
You kill the yak!
Qazlal accepts your kill.
You hit the yak. Lightning courses through the yak!
You kill the yak!
Qazlal accepts your kill.
You slash the yak!
The centaur shoots an arrow.
You block the arrow. The yak gores you.
You die...

#...#. .. #.#.#.#. ##
... $.#.... .. .....
#.#.#.# #. .. ....
#....... . ....#..
#.#.##.# .#
....#..##.#.##.###.####.
....##....)...c§........
..#.......)#...○@#..####
..#........#....Y...###∆
..............(.........
....................##.#
<###.......†.....###....
..##............## .§≈
#####......†..)..# ≈≈≈ #
###........$.# ≈_ ###
#........###


You could see a yak and a centaur.

Vanquished Creatures
  A boulder beetle (D:7)
  The ghost of NimIero the Grappler, a novice VSBe of Trog (D:7)
  A troll (D:9)
  Grinder (D:4)
  Sigmund (D:2)
  A shadow (D:9)
  A wraith (D:9)
  12 yaks
  A steam dragon (D:9)
  An acid dragon (D:7)
  4 water moccasins
  Duvessa (D:6)
  An orc warrior (D:6)
  An ice beast (D:6)
  5 sky beasts
  2 centaurs
  A kobold brigand (D:9)
  A scorpion (D:6)
  A bullfrog (D:7)
  A gnoll sergeant (D:9)
  A wight (D:9)
  Dowan (D:6)
  10 howler monkeys
  4 hounds
  A jelly (D:5)
  2 gnoll boudas
  An orc priest (D:4)
  4 iguanas
  2 orc wizards (D:3)
  4 gnolls (D:7)
  11 adders
  A river rat (D:4)
  2 shadow imps (D:7)
  A white imp (D:7)
  2 ufetubi
  3 worms
  3 dart slugs
  26 orcs
  4 ball pythons (D:2)
  6 endoplasms
  A giant cockroach (D:4)
  7 goblins
  3 hobgoblins
  2 jackals (D:3)
  4 quokkas
  4 bats
  3 frilled lizards (D:3)
  7 kobolds
  2 rats
161 creatures vanquished.

Vanquished Creatures (others)
  A sky beast (D:7)
1 creature vanquished.

Grand Total: 162 creatures vanquished

Notes
Turn   | Place    | Note
-------+----------+-------------------------------------------
     0 | D:1      | craig the Gnoll Fighter began the quest for the Orb.
     0 | D:1      | Reached XP level 1. HP: 23/23 MP: 1/1
   141 | D:2      | Reached XP level 2. HP: 23/29 MP: 2/2
   259 | D:3      | Reached XP level 3. HP: 35/35 MP: 3/3
   264 | D:3      | Reached skill level 1 in Short Blades
   264 | D:3      | Reached skill level 1 in Axes
   264 | D:3      | Reached skill level 1 in Maces & Flails
   264 | D:3      | Reached skill level 1 in Polearms
   264 | D:3      | Reached skill level 1 in Staves
   264 | D:3      | Reached skill level 1 in Ranged Weapons
   264 | D:3      | Reached skill level 1 in Throwing
   264 | D:3      | Reached skill level 1 in Dodging
   264 | D:3      | Reached skill level 1 in Stealth
   264 | D:3      | Reached skill level 1 in Unarmed Combat
   264 | D:3      | Reached skill level 1 in Spellcasting
   264 | D:3      | Reached skill level 1 in Invocations
   264 | D:3      | Reached skill level 1 in Evocations
   269 | D:3      | Reached XP level 4. HP: 24/41 MP: 3/5
   275 | D:3      | Reached skill level 1 in Conjurations
   275 | D:3      | Reached skill level 1 in Hexes
   275 | D:3      | Reached skill level 1 in Summonings
   275 | D:3      | Reached skill level 1 in Necromancy
   275 | D:3      | Reached skill level 1 in Translocations
   275 | D:3      | Reached skill level 1 in Transmutations
   275 | D:3      | Reached skill level 1 in Fire Magic
   275 | D:3      | Reached skill level 1 in Ice Magic
   275 | D:3      | Reached skill level 1 in Air Magic
   275 | D:3      | Reached skill level 1 in Earth Magic
   275 | D:3      | Reached skill level 1 in Poison Magic
   402 | D:3      | Identified the +3 whip of Ignis's Favour {elec, Will++
                  | Str-4 Int+3 Dex+3}
   500 | D:3      | Reached XP level 5. HP: 46/47 MP: 7/7
   661 | D:3      | Found a stormy altar of Qazlal.
   661 | D:3      | Found a burning altar of Makhleb.
   668 | D:3      | Became a worshipper of Qazlal Stormbringer
   806 | D:2      | Noticed Sigmund
   845 | D:2      | Killed Sigmund
   846 | D:2      | Reached skill level 5 in Long Blades
   846 | D:2      | Reached XP level 6. HP: 23/53 MP: 7/9
   954 | D:2      | Found Cepsor's Distillery.
   979 | D:2      | Bought a potion of curing for 30 gold pieces
  1679 | D:3      | Found an ancient bone altar of Kikubaaqudgha.
  1735 | D:4      | Reached XP level 7. HP: 55/60 MP: 10/10
  1775 | D:4      | Noticed a yak
  1776 | D:4      | Noticed a yak
  1776 | D:4      | Noticed a yak
  1782 | D:4      | Killed a yak
  1782 | D:4      | Reached * piety under Qazlal
  1788 | D:5      | Entered Level 5 of the Dungeon
  1793 | D:5      | Killed a yak
  1794 | D:5      | Killed a yak
  1795 | D:5      | Reached XP level 8. HP: 13/67 MP: 10/12
  1859 | D:5      | Found a white marble altar of Elyvilon.
  1991 | D:4      | Found a broken altar of Ashenzari.
  1992 | D:4      | Noticed Grinder
  2010 | D:4      | Killed Grinder
  2117 | D:4      | Found a glowing drain.
  2951 | D:6      | Noticed Dowan
  2967 | D:6      | Killed Dowan
  2970 | D:6      | Noticed Duvessa
  2986 | D:6      | Killed Duvessa
  2987 | D:6      | Reached XP level 9. HP: 64/73 MP: 14/14
  3043 | D:6      | Reached ** piety under Qazlal
  3414 | D:7      | Found a flagged portal.
  3445 | D:7      | Noticed a boulder beetle
  3452 | D:7      | Found a transporter.
  3462 | D:7      | Found a transporter.
  3464 | D:7      | Noticed NimIero's ghost (novice VSBe)
  3478 | D:7      | Killed NimIero's ghost
  3479 | D:7      | Reached skill level 5 in Invocations
  3509 | D:7      | Reached skill level 5 in Short Blades
  3509 | D:7      | Reached skill level 5 in Axes
  3509 | D:7      | Reached skill level 5 in Maces & Flails
  3509 | D:7      | Reached skill level 5 in Polearms
  3509 | D:7      | Reached skill level 5 in Staves
  3509 | D:7      | Reached skill level 5 in Ranged Weapons
  3509 | D:7      | Reached skill level 5 in Throwing
  3509 | D:7      | Reached skill level 5 in Dodging
  3509 | D:7      | Reached skill level 5 in Stealth
  3509 | D:7      | Reached skill level 5 in Unarmed Combat
  3509 | D:7      | Reached skill level 5 in Spellcasting
  3509 | D:7      | Reached skill level 5 in Evocations
  3509 | D:7      | Reached XP level 10. HP: 18/81 MP: 17/17
  3514 | D:7      | Killed a boulder beetle
  4229 | D:9      | Reached *** piety under Qazlal
  4403 | D:9      | Found a shimmering blue altar of Sif Muna.
  4405 | D:9      | HP: 2/83 [yak (8)]
  4406 | D:9      | Slain by a yak

Illustrated notes

Levels and vault maps discovered:
D:1:      spicycebolla_arrival_ecumenical, layout_loops_ring, minmay_liquid_box
D:2:      layout_loops_corners, serial_shops, shop, nicolae_half_adder,
          uniq_sigmund
D:3:      wad_river_or_something, layout_basic, mainiacjoe_overflow_alcove_2,
          gammafunk_temple_overflow_wave, grunt_decor_fettered,
          grunt_ministairs_15, ebering_dispersal_statue_hall, wad_orctagon
D:4:      layout_loops_ring, ashenzari_altar_1, portal_sewer_entry_b,
          uniq_grinder
D:5:      layout_loops_corners, elyvilon_altar_3, kennysheep_boxes
D:6:      layout_cave_pools, mainiacjoe_overflow_swirl, grunt_decor_junction,
          uniq_duvessa
D:7:      layout_loops_corners, lemuel_temple_firewalk_b, enter_bailey_2,
          nzn_ghost_randoct, st_stairs_12
D:8:      layout_rooms, mainiacjoe_overflow_alcove_1, jmf_multi_god_temple,
          roderic_roman_lattice
D:9:      layout_cave_pools, nicolae_sif_muna_condensation, orc_0_dummy,
          minmay_diced_spiral, uniq_grum

Skill      XL: |  1  2  3  4  5  6  7  8  9 10 |
---------------+-------------------------------+-----
Short Blades   | 1 2 3 5 |  5.9
Axes           | 1 2 3 5 |  5.9
Maces & Flails | 1 2 3 5 |  5.9
Polearms       | 1 2 3 5 |  5.9
Staves         | 1 2 3 5 |  5.9
Ranged Weapons | 1 2 3 5 |  5.9
Throwing       | 1 2 3 5 |  5.9
Dodging        | 1 2 3 5 |  5.9
Stealth        | 1 2 3 5 |  5.9
Unarmed Combat | 1 2 3 5 |  5.9
Spellcasting   | 1 2 3 5 |  5.9
Invocations    | 1 2 3 4 5 6 |  6.5
Evocations     | 1 2 3 5 |  5.9
Conjurations   | 1 2 3 4 |  4.9
Hexes          | 1 2 3 4 |  4.9
Summonings     | 1 2 3 4 |  4.9
Necromancy     | 1 2 3 4 |  4.9
Translocations | 1 2 3 4 |  4.9
Transmutations | 1 2 3 4 |  4.9
Fire Magic     | 1 2 3 4 |  4.9
Ice Magic      | 1 2 3 4 |  4.9
Air Magic      | 1 2 3 4 |  4.9
Earth Magic    | 1 2 3 4 |  4.9
Poison Magic   | 1 2 3 4 |  4.9
Long Blades    | 5 6 7 |  7.6
Fighting       | 7 8 9 |  9.0
Armour         | 7 8 9 |  9.0
Shields        | 7 8 9 |  9.0

Action                     |  1- 3 |  4- 6 |  7- 9 | 10-12 || total
---------------------------+-------+-------+-------+-------++-------
  Melee: Long sword        |    41 |     5 |       |       ||    46
         Bite              |     3 |     8 |     6 |    12 ||    29
         Hand axe          |       |    23 |   160 |    95 ||   278
         Whip              |       |    91 |       |       ||    91
  Evoke: Wand              |       |       |     3 |       ||     3
    Use: Scroll            |     4 |     7 |     2 |     3 ||    16
         Potion            |     1 |     1 |     6 |     1 ||     9
   Stab: Invisible         |       |       |     6 |       ||     6
 Armour: Scale mail        |    15 |    59 |    94 |    39 ||   207
  Dodge: Dodged            |    16 |    48 |    76 |    58 ||   198
  Block: Buckler           |    12 |    47 |    75 |    75 ||   209
